 Dungeon Crawl Stone Soup version 0.19-a0-1068-g99dd0f4 (webtiles) character file.

584 bjefkjwebfkjbewklj the Chopper (level 7, -24/60 HPs)
             Began as a Minotaur Fighter on Aug 5, 2016.
             Annihilated by a two-headed ogre
             ... wielding a +0 giant club
              (26 damage)
             ... on level 5 of the Dungeon.
             The game lasted 00:06:57 (3393 turns).

bjefkjwebfkjbewklj the Chopper (Minotaur Fighter)   Turns: 3393, Time: 00:06:58

Health: -24/60     AC:  9    Str: 28      XL:     7   Next: 14%
Magic:  6/6        EV:  8    Int:  4 (5)  God:
Gold:   191        SH: 10    Dex:  9      Spells: 0 memorised, 6 levels left

rFire  . . .     SeeInvis .     a - +1 war axe
rCold  . . .     Gourm    .     n - +0 chain mail
rNeg   . . .     Faith    .     c - +0 shield
rPois  .         Spirit   .     (helmet restricted)
rElec  .         Dismiss  .     (no cloak)
rCorr  .         Reflect  .     (no gloves)
SustAt .         Harm     .     (no boots)
MR     .....                    (no amulet)
Stlth  ..........               (no ring)
                                o - ring of stealth

@: mighty, invisible
A: retaliatory headbutt, horns 2
a: no special abilities


You were on level 5 of the Dungeon.
You were very hungry.

You visited 1 branch of the dungeon, and saw 5 of its levels.

You collected 191 gold pieces.

Inventory:

Hand Weapons
 a - a +1 war axe (weapon)
Armour
 c - a +0 shield (worn)
 n - a +0 chain mail (worn)
Jewellery
 o - a ring of stealth (left hand)
Scrolls
 e - 3 scrolls of teleportation
 i - a scroll of remove curse
Potions
 b - a potion of haste
 d - 2 potions of might
 j - 2 potions of agility
 k - a potion of flight {unknown}
 l - a potion of resistance
Comestibles
 f - 7 bread rations
 g - a slice of pizza
 h - 6 fruits
 q - a meat ration


   Skills:
 + Level 4.9 Fighting
 * Level 6.0 Axes
 + Level 5.0 Armour
 + Level 3.2 Dodging
 + Level 5.2 Shields


You had 6 spell levels left.
You didn't know any spells.

Dungeon Overview and Level Annotations

Branches:
Dungeon (5/15)
 Temple: D:4-7

Altars:
Qazlal
Sif Muna
Xom
Yredelemnul


Innate Abilities, Weirdness & Mutations

You reflexively headbutt those who attack you in melee.
You have a pair of horns on your head.


Message History

The two-headed ogre hits you with a giant club!!
The two-headed ogre hits you but does no damage.
You hit the two-headed ogre. You headbutt the two-headed ogre.
The two-headed ogre is heavily wounded.
The two-headed ogre hits you with a giant club!
* * * LOW HITPOINT WARNING * * *
You block the two-headed ogre's attack.
You are too injured to fight recklessly!
You are too injured to fight recklessly!
You are too injured to fight recklessly!
You are too injured to fight recklessly!
You feel very mighty all of a sudden. The ice beast hits you.
* * * LOW HITPOINT WARNING * * *
The ice beast freezes you!
* * * LOW HITPOINT WARNING * * *
You fade into invisibility!
You block the ice beast's attack.
The two-headed ogre hits you with a giant club!!
You die...

... ..#
..#####.$.
..........
#...<.....
#.........
#...W.....
#YO.......
#.#.@.......
#...<.......
##.o........
#......##..
.(..#..... .
..... ....##
#..... ..#.#
.o...o.
.##.#
....... ## .


You could see a phantom, a two-headed ogre, an ice beast, an orc priest
(wandering), an orc wizard (wandering) and an orc.

Vanquished Creatures
  An ogre (D:4)
  2 scorpions
  A howler monkey (D:4)
  A hound (D:4)
  An orc priest (D:4)
  2 orc wizards (D:4)
  Jessica (D:2)
  A worker ant (D:4)
  8 adders
  3 gnolls (D:3)
  2 worms
  2 dart slugs
  A giant gecko (D:3)
  10 orcs
  8 bats
  2 giant cockroaches
  8 goblins
  9 hobgoblins
  7 jackals
  6 kobolds
  A quokka (D:4)
  A ball python (D:1)
  3 giant newts
  A jackal skeleton (D:4)
  5 rats
87 creatures vanquished.

Notes
Turn   | Place    | Note
-------+----------+-------------------------------------------
     0 | D:1      | bjefkjwebfkjbewklj the Minotaur Fighter began the quest for the Orb.
     0 | D:1      | Reached XP level 1. HP: 19/19 MP: 0/0
    98 | D:1      | Reached XP level 2. HP: 25/27 MP: 1/1
   134 | D:1      | Reached skill level 3 in Axes
   598 | D:2      | Reached skill level 1 in Dodging
   613 | D:2      | Noticed Jessica
   623 | D:2      | Reached XP level 3. HP: 27/33 MP: 2/2
   626 | D:2      | Killed Jessica
   736 | D:2      | Reached XP level 4. HP: 38/40 MP: 3/3
   792 | D:2      | Reached skill level 4 in Axes
  1395 | D:3      | Found a basalt altar of Yredelemnul.
  1396 | D:3      | Reached XP level 5. HP: 37/46 MP: 4/4
  1490 | D:3      | Found a shimmering altar of Xom.
  1492 | D:3      | Found a shimmering altar of Xom.
  1502 | D:3      | Found a shimmering altar of Xom.
  1503 | D:3      | Found a shimmering altar of Xom.
  1503 | D:3      | Found a shimmering altar of Xom.
  1505 | D:3      | Found a shimmering altar of Xom.
  1514 | D:3      | Found a stormy altar of Qazlal.
  1884 | D:3      | Found a deep blue altar of Sif Muna.
  2387 | D:4      | Reached skill level 5 in Axes
  2407 | D:4      | Reached XP level 6. HP: 50/53 MP: 5/5
  2639 | D:4      | Reached skill level 5 in Armour
  2639 | D:4      | Reached skill level 5 in Shields
  2817 | D:4      | Reached XP level 7. HP: 60/60 MP: 6/6
  2824 | D:4      | Reached skill level 6 in Axes
  3387 | D:5      | Entered Level 5 of the Dungeon
  3387 | D:5      | Noticed a two-headed ogre
  3392 | D:5      | HP: 2/60 [ice beast (11)]
  3393 | D:5      | Annihilated by a two-headed ogre

Vault maps used:
D:1:      dpeg_arrival_stone_temple_mockup
D:2:      uniq_jessica
D:3:      xom_redecorated, nicolae_overflow_crystal_walls, old_standard_altar,
          lemuel_blue_sif_altar
D:4:      first_bread
D:5:      eat_drink_and_be_merry_uskayaw, old_standard_altar, st_stairs_10,
          uniq_grinder, uniq_edmund, uniq_pikel, uniq_prince_ribbit1

Skill      XL: |  1  2  3  4  5  6  7 |
---------------+----------------------+-----
Axes           | 3 4 5 6 |  6.0
Dodging        | 1 2 3 |  3.2
Armour         | 4 5 |  5.0
Fighting       | 4 |  4.9
Shields        | 4 5 |  5.2

Action                   |  1- 3 |  4- 6 |  7- 9 || total
-------------------------+-------+-------+-------++-------
Melee: War axe           |    61 |   126 |    26 ||   213
       Headbutt          |    12 |    21 |     3 ||    36
  Use: Scroll            |       |    11 |       ||    11
       Potion            |       |     3 |     2 ||     5
  Eat: Chunk             |       |     6 |     1 ||     7
Armor: Scale mail        |    20 |       |       ||    20
       Chain mail        |    12 |    67 |    18 ||    97
Dodge: Dodged            |     9 |    28 |     5 ||    42
Block: Shield            |    32 |    61 |    16 ||   109
